 Dungeon Crawl Stone Soup version 0.29.1-1-gd02db6906a (webtiles) character file.

Game seed: 12819098976367515560

3750 Godmorgon the Devastator (level 10, -9/50 HPs)
             Began as a Tengu Conjurer on Oct 14, 2022.
             Was an Initiate of Vehumet.
             Mangled by a hornet (12 damage)
             ... while paralysed by a hornet
             ... on level 7 of the Dungeon.
             The game lasted 00:29:41 (10085 turns).

Godmorgon the Devastator (Tengu Conjurer)          Turns: 10085, Time: 00:29:41

Health: -9/50      AC:  3    Str:  8    XL:     10   Next: 15%
Magic:  18/22      EV:  2    Int: 23    God:    Vehumet [......]
Gold:   316        SH:  0    Dex: 12    Spells: 19/23 levels left

rFire   + . .      SeeInvis .   a - +3 whip
rCold   . . .      Faith    .   (no shield)
rNeg    . . .      Spirit   .   c - +0 robe
rPois   .          Reflect  .   (helmet restricted)
rElec   .          Harm     .   B - +0 cloak
rCorr   .          Rampage  .   (no gloves)
Will    .....                   (boots unavailable)
Stlth   ++........              (no amulet)
HPRegen 0.16/turn               j - ring of protection from fire
MPRegen 0.18/turn               (no ring)

@: paralysed, flying quickly and evasively, hasted and slowed, quick
A: beak, talons 3, nimble flight
a: Renounce Religion


You were on level 7 of the Dungeon.
You worshipped Vehumet.
Vehumet was noncommittal.
You visited 2 branches of the dungeon, and saw 9 of its levels.

You collected 316 gold pieces.

Inventory:

Hand Weapons
 a - a +3 whip (weapon)
Missiles
 u - 3 poisoned darts (quivered)
Armour
 c - a +0 robe (worn)
 B - a +0 cloak (worn)
 C - a +1 ring mail of fire resistance
Jewellery
 h - a ring of fire
 j - a ring of protection from fire (left hand)
Wands
 s - a wand of roots (18)
 x - a wand of flame (11)
 y - a wand of quicksilver (11)
Scrolls
 e - a scroll of torment
 g - 2 scrolls of poison
 k - a scroll of butterflies
 m - 4 scrolls of vulnerability
 n - a scroll of enchant weapon {unknown}
 q - a scroll of blinking {unknown}
 r - 2 scrolls of noise {unknown}
 v - a scroll of fear {unknown}
 z - a scroll of amnesia {unknown}
 A - 2 scrolls of brand weapon {unknown}
Potions
 b - a potion of magic
 d - 2 potions of might
 f - 2 potions of curing
 i - 4 potions of attraction
 l - a potion of flight {unknown}
 o - a potion of lignification {unknown}
 p - 2 potions of haste
 t - 4 potions of degeneration {unknown}
 w - a potion of cancellation {unknown}


   Skills:
 - Level 3.0 Maces & Flails
 - Level 2.1 Dodging
 - Level 2.0 Stealth
 + Level 7.4 Spellcasting
 * Level 15.0 Conjurations
 - Level 4.0 Summonings


You had 19 spell levels left.
You knew the following spells:

 Your Spells              Type           Power      Damage    Failure   Level
d - Magic Dart            Conj           100%       1d8       0%          1
m - Summon Small Mammal   Summ           100%       N/A       1%          1
s - Searing Ray           Conj           100%       2d8       1%          2

Your spell library contained the following spells:

 Spells                   Type           Power      Damage    Failure   Level
 Dazzling Flash           Conj/Hex       86%        N/A       1%          3
 Fulminant Prism          Conj/Hex       21%        3d13      3%          4
 Iskenderun's Mystic Bla  Conj/Tloc      43%        2d10      3%          4
 Apportation              Tloc           16%        N/A       8%          1
 Necrotise                Necr           32%        1d5       8%          1
 Sublimation of Blood     Necr           8%         N/A       11%         2
 Wereblood                Tmut           8%         N/A       11%         2
 Ozocubu's Armour         Ice            8%         N/A       22%         3
 Tukima's Dance           Hex            8%         N/A       22%         3
 Passage of Golubria      Tloc           8%         N/A       58%         4
 Yara's Violent Unravell  Hex/Tmut       4%         3d4       90%         5
 Ozocubu's Refrigeration  Ice            4%         4d8       100%        7
 Summon Hydra             Summ           13%        N/A       100%        7


Dungeon Overview and Level Annotations

Branches:
Dungeon (8/15)             Temple (1/1) D:6
   Lair: D:8-11

Altars:
Ashenzari
Cheibriados
Dithmenos
Elyvilon
Fedhas
Gozag
Hepliaklqana
Kikubaaqudgha
Makhleb
Nemelex Xobeh
Okawaru
Qazlal
Ru
Sif Muna
Trog
Uskayaw
Vehumet
Wu Jian
Xom
Yredelemnul
Zin
The Shining One

Shops:
D:2 (   D:5 =

Annotations:
D:3 2 transporters, exclusion: oklob plant, brightshaft's ghost, amateur GrFi


Innate Abilities, Weirdness & Mutations

You have a beak for a mouth.
You have claws for feet.
Your magical nature lets you fly swiftly and evasively.


Message History

Aiming: Searing Ray (safe; 1% risk of failure)
Press: ? - help, Shift-Dir - straight line, f/p - hornet
Aim: a hornet (74% to hit)
The searing ray hits the hornet.
The hornet is lightly wounded. (Press . to maintain the ray.)
The searing ray misses the hornet.
The searing ray hits the hornet.
The hornet is moderately wounded.
The hornet stings you!
You feel yourself slow down.
The searing ray hits the hornet.
The hornet is moderately wounded.
You finish channelling your searing ray.
The hornet stings you.
You feel as though you will be slow longer.
The hornet stings you.
You are poisoned.
You suddenly lose the ability to move!
The hornet stings you!
You are more poisoned.
You feel as though you will be slow longer.
You can move again.
You feel very sick.
The hornet stings you but does no damage.
The hornet completely misses you.
You fly upwards.
* * * LOW HITPOINT WARNING * * *
You feel extremely sick.
There is a stone staircase leading down here.
You feel better. The hornet stings you!
* * * LOW HITPOINT WARNING * * *
You feel as though you will be slow longer.
The hornet stings you but does no damage.
You feel yourself speed up. The hornet stings you.
* * * LOW HITPOINT WARNING * * *
You feel as though you will be slow longer.
The hornet stings you but does no damage.
You feel better. The hornet stings you!
* * * LOW HITPOINT WARNING * * *
You suddenly lose the ability to move!
The hornet stings you!
You die...

#........####.##....# #.#
#.............##....# #.#
####.............##....# #.#
..##.............##....# #.#
..'.........####.##....# #.#
).###.......# #.##....# #.#
####........# #.##...[# #.#
####........####.##....######.###
......<........y@......'.........
####.###########.##....######.###
#.............#####.....##.#.. ##
#############.#####.###.##.#.# .#
#...........###.##.#.# .##
#.###.###..........#.# ..# #.#
#.# #..........#.# #.#
#.###.###..........#.#
#.##########.#.....+......)...#.#


You could see a hornet.

Vanquished Creatures
  Prince Ribbit (D:6)
  Sigmund (D:2)
  5 yaks
  Edmund (D:6)
  Menkaure (D:5)
  A water moccasin (D:7)
  Duvessa (D:5)
  An ice beast (D:7)
  2 sky beasts
  Pargi (D:3)
  An orc warrior (D:5)
  3 black bears
  2 ogres
  2 phantoms
  2 bullfrogs
  4 scorpions
  Dowan (D:5)
  2 hounds
  4 jellies
  A gnoll bouda (D:5)
  An orc priest (D:3)
  Crazy Yiuf (D:2)
  Ijyb (D:5)
  3 iguanas
  Natasha (thrice) (D:2)
  4 orc wizards
  15 gnolls
  6 adders
  A shadow imp (D:6)
  2 white imps
  An ufetubus (D:5)
  A dart slug (D:3)
  18 orcs
  7 bats
  10 endoplasms
  A giant cockroach (D:1)
  4 hobgoblins
  2 jackals (D:3)
  4 quokkas
  5 ball pythons
  4 goblins
  5 kobolds
  5 rats
141 creatures vanquished.

Vanquished Creatures (others)
  23 fungi (D:3)
  35 plants (D:3)
  A withered plant (D:8)
59 creatures vanquished.

Grand Total: 200 creatures vanquished

Notes
Turn   | Place    | Note
-------+----------+-------------------------------------------
     0 | D:1      | Godmorgon the Tengu Conjurer began the quest for the Orb.
     0 | D:1      | Reached XP level 1. HP: 10/10 MP: 4/4
   291 | D:1      | Reached XP level 2. HP: 15/15 MP: 4/6
   294 | D:1      | Learned a level 2 spell: Searing Ray
   777 | D:1      | Reached skill level 6 in Conjurations
  1029 | D:2      | Reached XP level 3. HP: 19/19 MP: 2/7
  1203 | D:2      | Reached XP level 4. HP: 24/24 MP: 6/9
  1280 | D:2      | Found Ytoef's Antique Weapon Boutique.
  1556 | D:2      | Noticed Natasha
  1558 | D:2      | Killed Natasha
  1559 | D:2      | Reached skill level 7 in Conjurations
  1567 | D:2      | Noticed Natasha
  1570 | D:2      | Killed Natasha
  1571 | D:2      | Gained mutation: Your magical nature lets you fly swiftly
                  | and evasively. [Tengu growth]
  1571 | D:2      | Reached XP level 5. HP: 23/28 MP: 2/10
  1952 | D:2      | Noticed Sigmund
  1955 | D:2      | Killed Sigmund
  1956 | D:2      | Reached skill level 8 in Conjurations
  1956 | D:2      | Reached XP level 6. HP: 21/32 MP: 6/12
  1961 | D:2      | Found a runed translucent door.
  1962 | D:2      | Noticed Crazy Yiuf
  2139 | D:2      | Noticed Natasha
  2148 | D:2      | Killed Natasha
  2616 | D:3      | Found a faded altar of an unknown god.
  2722 | D:3      | Found a transporter.
  2724 | D:3      | Noticed brightshaft's ghost (amateur GrFi)
  2754 | D:3      | Identified the +7 quarterstaff "Kaifaidargh" {vamp, rElec
                  | Int+3 Stlth+}
  2772 | D:3      | Reached skill level 9 in Conjurations
  2972 | D:3      | Found a blossoming altar of Fedhas.
  2988 | D:3      | Noticed an oklob plant
  2992 | D:3      | Noticed Pargi
  3006 | D:3      | Killed Pargi
  3007 | D:3      | Reached XP level 7. HP: 36/36 MP: 6/14
  3098 | D:3      | Found a transporter.
  3549 | D:4      | Found a glowing silver altar of Zin.
  3557 | D:4      | Found a hazy altar of Hepliaklqana.
  3562 | D:4      | Found an opulent altar of Gozag.
  3570 | D:4      | Found a sparkling altar of Nemelex Xobeh.
  3575 | D:4      | Found a broken altar of Ashenzari.
  3582 | D:4      | Found a shimmering altar of Xom.
  3588 | D:4      | Found a shimmering blue altar of Sif Muna.
  4062 | D:4      | Found an ornate altar of the Wu Jian Council.
  4220 | D:4      | Reached skill level 10 in Conjurations
  4512 | D:5      | Entered Level 5 of the Dungeon
  4601 | D:5      | Noticed Menkaure
  4644 | D:5      | Noticed Duvessa
  4645 | D:5      | Killed Menkaure
  4646 | D:5      | Reached skill level 5 in Spellcasting
  4646 | D:5      | Reached skill level 11 in Conjurations
  4646 | D:5      | Reached XP level 8. HP: 18/41 MP: 11/16
  4649 | D:5      | Killed Duvessa
  4649 | D:5      | Noticed Dowan
  4840 | D:5      | Killed Dowan
  5075 | D:5      | Noticed Ijyb
  5081 | D:5      | Killed Ijyb
  5082 | D:5      | Reached skill level 1 in Maces & Flails
  5582 | D:5      | Found Leuq's Jewellery Shoppe.
  6435 | D:6      | Reached skill level 12 in Conjurations
  6675 | D:6      | Reached XP level 9. HP: 45/45 MP: 13/18
  6843 | D:2      | Killed Crazy Yiuf
  7291 | D:5      | Learned a level 1 spell: Summon Small Mammal
  7392 | D:6      | Found a hide-covered altar of Uskayaw.
  7474 | D:6      | Reached skill level 13 in Conjurations
  7474 | D:6      | Reached skill level 1 in Summonings
  7881 | D:6      | Noticed Edmund
  7892 | D:6      | Killed Edmund
  8544 | D:6      | Found a staircase to the Ecumenical Temple.
  8553 | D:6      | Reached skill level 14 in Conjurations
  8560 | Temple   | Entered the Ecumenical Temple
  8631 | Temple   | Became a worshipper of Vehumet
  8687 | D:6      | Noticed Prince Ribbit
  8698 | D:6      | Killed Prince Ribbit
  9250 | D:7      | Reached XP level 10. HP: 50/50 MP: 17/21
  9297 | D:7      | Found a sacrificial altar of Ru.
  9941 | D:7      | Reached skill level 15 in Conjurations
 10080 | D:8      | Paralysed by a hornet for 1 turns
 10085 | D:7      | Paralysed by a hornet for 3 turns
 10085 | D:7      | Mangled by a hornet

Illustrated notes

Levels and vault maps discovered:
D:1:      psy_arrival_statuary, layout_basic
D:2:      layout_loops_ring, serial_shops, shop, uniq_crazy_yiuf_cottage,
          uniq_natasha, uniq_sigmund
D:3:      layout_loops_ring, tgw_fedhas, gammafunk_ghost_stat_death,
          ebering_ecumenical_altar_box, uniq_pargi
D:4:      layout_loops_ring, lemuel_coloured_pillars_altar,
          grunt_temple_overflow_octagram
D:5:      layout_layer_cave, serial_shops, shop, minmay_misc_feat_pillars,
          uniq_duvessa, uniq_menkaure, uniq_ijyb
D:6:      layout_loops_ring, nicolae_uskayaw_dance_hall,
          minmay_temple_entry_poolview, uniq_edmund, uniq_prince_ribbit1
D:7:      layout_basic, mainiacjoe_overflow_cross_hatched
D:8:      layout_loops_ring, serial_undead, serial_undead_e, serial_undead_f,
          serial_undead_d, serial_undead_f, serial_undead_c, serial_shops,
          shop_statue, kennysheep_big_empty_room
Temple:   hellmonk_temple_of_storms

Skill      XL: |  1  2  3  4  5  6  7  8  9 10 |
---------------+-------------------------------+-----
Conjurations   | 6 7 8 9 11 12 14 15 | 15.0
Spellcasting   | 3 4 5 7 |  7.4
Maces & Flails | 3 |  3.0
Summonings     | 4 |  4.0
Dodging        | |  2.1
Stealth        | |  2.0

Action                   |  1- 3 |  4- 6 |  7- 9 | 10-12 || total
-------------------------+-------+-------+-------+-------++-------
Melee: Whip              |     1 |       |       |       ||     1
Throw: Dart              |       |       |     7 |       ||     7
 Cast: Magic Dart        |    24 |     7 |    12 |     1 ||    44
       Searing Ray       |     5 |    30 |    72 |    13 ||   120
  Use: Scroll            |       |       |     8 |       ||     8
       Potion            |       |       |       |     3 ||     3
Armor: Robe              |       |       |     4 |     3 ||     7
Dodge: Dodged            |     3 |     4 |    32 |     4 ||    43
